 Dungeon Crawl Stone Soup version 0.30-a0-757-ga6a79fd877 (webtiles) character file.

Game seed: 16897809487825550516

27 IdlyInterested the Cudgeller (level 2, -1/22 HPs)
             Began as a Demonspawn Gladiator on Feb 9, 2023.
             Slain by Terence
             ... wielding a +2 vampiric hand axe
              (7 damage)
             ... on level 2 of the Dungeon.
             The game lasted 00:03:24 (1606 turns).

IdlyInterested the Cudgeller (Demonspawn Gladiator) Turns: 1606, Time: 00:03:25

Health: -1/22      AC: 12    Str: 14    XL:     2   Next: 93%
Magic:  0/2        EV:  6    Int:  9    God:
Gold:   36         SH:  0    Dex: 14    Spells: 1/1 levels left

rFire   . . .      SeeInvis .    a - +1 flail
rCold   . . .      Faith    .    (no shield)
rNeg    . . .      Spirit   +    g - +0 chain mail
rPois   .          Reflect  .    c - +0 helmet
rElec   .          Harm     .    (no cloak)
rCorr   .          Rampage  .    p - +2 pair of gloves
Will    .....                    (no boots) Stlth
                                 b - amulet of guardian spirit
HPRegen 0.23/turn                (no ring)
MPRegen 0.08/turn                (no ring)

@: no status effects
A: powered by death 1
a: no special abilities


You were on level 2 of the Dungeon.
You visited 1 branch of the dungeon, and saw 2 of its levels.

You collected 36 gold pieces.

Inventory:

Hand Weapons
 a - a +1 flail (weapon)
 q - a +1 heavy mace
Missiles
 d - 2 throwing nets (quivered)
 e - a javelin
 j - 5 poisoned darts
 m - 5 boomerangs
 n - 3 stones
Armour
 c - a +0 helmet (worn)
 g - a +0 chain mail (worn)
 p - a +2 pair of gloves (worn)
Magical Staves
 l - a staff of conjuration
Jewellery
 b - an amulet of guardian spirit (around neck)
Potions
 i - a potion of curing {unknown}
 o - a potion of cancellation {unknown}
 r - a potion of brilliance {unknown}


   Skills:
 - Level 2.0 Fighting
 * Level 3.4 Maces & Flails
 - Level 1.7 Throwing
 - Level 2.6 Dodging
 + Level 0.5 Stealth
 - Level 1.0 Evocations


You had one spell level left.
You didn't know any spells.
Your spell library contained the following spells:

 Spells                   Type           Power      Damage    Failure   Level
 Apportation              Tloc           0%         N/A       100%        1
 Necrotise                Necr           0%         1d4       100%        1
 Vampiric Draining        Necr           0%         2d6       100%        3
 Agony                    Necr           0%         N/A       100%        5
 Alistair's Intoxication  Tmut/Pois      0%         N/A       100%        5


Dungeon Overview and Level Annotations

Branches:
Dungeon (2/15)

Altars:

Annotations:
D:2 Terence


Innate Abilities, Weirdness & Mutations

You regenerate a little health from kills.


Message History

Your damage rating with your +1 flail is about 13 (Base 10 x 110% (Str) x 109% (Skill) + 1 (Ench)).
Unknown command.
A ball python comes into view.
The ball python hisses angrily.
Terence the Incautious comes into view.
He is wielding a +2 vampiric hand axe.
Terence shouts!
Terence screams, "I'm going to kill you!"
The ball python bites you but does no damage.
The ball python barely misses you.
You closely miss the ball python. The ball python barely misses you. x2
Terence looks scornfully at you. Terence hits you but does no damage.
The ball python bites you but does no damage.
The ball python barely misses you.
Terence shouts, "Get ready for death!"
You closely miss the ball python. The ball python barely misses you.
The ball python grabs you. The ball python constricts you.
You hit the ball python.
You kill the ball python!
You closely miss Terence.
Terence hits you with a +2 vampiric hand axe!
You barely miss Terence.
Terence hits you with a +2 vampiric hand axe.
You hit Terence but do no damage. Terence hits you but does no damage.
Terence barely misses you.
You sock Terence!
Terence is moderately wounded.
Terence hits you with a +2 vampiric hand axe!
* * * LOW HITPOINT WARNING * * *
Terence draws strength from your wounds!
You closely miss Terence.
Terence is lightly wounded.
Terence hits you but does no damage.
Throw: 3 throwing nets
Press: ? - help, Shift-Dir - straight line, f - Terence
Aim: Terence, wielding a +2 vampiric hand axe and wearing a +0 scale mail (lightly wounded, 63% to hit)
You throw a throwing net.
The throwing net closely misses Terence.
Terence hits you with a +2 vampiric hand axe!
You die...

.#.
#......#.......#.#
#..##..#.#.#..##.#
#......(...#......
..........#.#.## #
##
.....###.....#.####
...
.....##...........#
.
#.....##.......(##.#
#. ####..##.#@####.#
#. #..##.#@####.# #.
#..##.#......#
.............#
#######.######
##.######..#
#..........#
#..#.####.##
.........
####.##..(..


You could see Terence.

Vanquished Creatures
  A worm (D:2)
  4 endoplasms
  3 hobgoblins
  2 kobolds (D:2)
  A quokka (D:2)
  A ball python (D:2)
  2 bats
  5 goblins
  A rat (D:1)
20 creatures vanquished.

Notes
Turn   | Place    | Note
-------+----------+-------------------------------------------
     0 | D:1      | IdlyInterested the Demonspawn Gladiator began the quest for
                  | the Orb.
     0 | D:1      | Reached XP level 1. HP: 16/16 MP: 1/1
   249 | D:1      | Found a faded altar of an unknown god.
   249 | D:1      | Noticed a sixfirhy
   408 | D:1      | Reached skill level 3 in Maces & Flails
   423 | D:1      | Gained mutation: You regenerate a little health from kills.
                  | [demonic ancestry]
   423 | D:1      | Reached XP level 2. HP: 22/22 MP: 2/2
  1361 | D:2      | Reached skill level 1 in Evocations
  1592 | D:2      | Noticed Terence
  1606 | D:2      | Slain by Terence

Illustrated notes

Levels and vault maps discovered:
D:1:      dpeg_arrival_orchard, layout_basic,
          dreamdust_ecumenical_altar_sealed_demon
D:2:      layout_basic, serial_park_tiny_2, uniq_sigmund, uniq_terence

Skill      XL: |  1  2 |
---------------+-------+-----
Maces & Flails | 3 |  3.4
Evocations     | 1 |  1.0
Fighting       | |  2.0
Throwing       | |  1.7
Dodging        | |  2.6
Stealth        | |  0.5

Action                     || total
---------------------------++-------
  Melee: Flail             ||    51
  Throw: Stone             ||     7
         Throwing net      ||     2
    Use: Scroll            ||     5
 Armour: Chain mail        ||    35
  Dodge: Dodged            ||    19

Table legend: (Time is in decaauts)
 A = Elapsed time spent in this place.
 B = Non-inter-level travel time spent in this place.
 C = Inter-level travel time spent in this place.
 D = Time resting spent in this place.
 E = Time spent auto-exploring this place.
 F = Levels seen in this place.
 G = Mean time per level.
                   A        B        C        D        E       F      G
               +--------+--------+--------+--------+--------+-----+--------+
         Total |   1617 |   1453 |    164 |     87 |   1051 |   2 |  808.5 |
       Dungeon |   1617 |   1453 |    164 |     87 |   1051 |   2 |  808.5 |
               +--------+--------+--------+--------+--------+-----+--------+

Top non-repeatable levels by time:
     D:1: 1367 daAuts
     D:2: 249 daAuts
